 Dungeon Crawl Stone Soup version 0.28-a0-1002-gf00fe891ef (webtiles) character file.

Game seed: 13185498981650806956

45 croobank the Magician (level 3, 0/21 HPs)
             Began as an Octopode Hedge Wizard on Dec 6, 2021.
             Slain by a hobgoblin (3 damage)
             ... on level 2 of the Dungeon.
             The game lasted 00:06:27 (1966 turns).

croobank the Magician (Octopode Hedge Wizard)       Turns: 1966, Time: 00:06:27

Health: 0/21       AC:  1    Str: 11    XL:     3   Next: 64%
Magic:  8/8        EV: 13    Int: 16    God:
Gold:   66         SH:  0    Dex: 11    Spells: 2/9 levels left

rFire   . . .      SeeInvis .   a - +0 dagger
rCold   . . .      Faith    .   (no shield)
rNeg    . . .      Spirit   .   b - +0 hat
rPois   .          Reflect  .   (no amulet)
rElec   .          Harm     .   (no ring)
rCorr   .          Rampage  .   (no ring)
Will    .....                   (no ring)
Stlth   +++.......              (no ring)
HPRegen 0.07/turn               (no ring)
MPRegen 0.11/turn               (no ring)
                                (no ring)
                                (no ring)

@: no status effects
A: almost no armour, amphibious, 8 rings, camouflage 1, gelatinous body 1,
(nimble swimmer 1), tentacles
a: no special abilities


You were on level 2 of the Dungeon.
You visited 1 branch of the dungeon, and saw 2 of its levels.

You collected 66 gold pieces.

Inventory:

Hand Weapons
 a - a +0 dagger (weapon)
Missiles
 f - 24 stones
 g - 18 arrows
Armour
 b - a +0 hat (worn)
Scrolls
 c - a scroll of vulnerability {unknown}
 d - a scroll of immolation {unknown}
 e - a scroll of teleportation {unknown}


   Skills:
 + Level 0.3 Short Blades
 + Level 2.0 Dodging
 + Level 3.1 Stealth
 + Level 3.8 Spellcasting
 + Level 1.1 Conjurations
 + Level 1.1 Hexes
 + Level 1.0 Summonings
 + Level 1.0 Translocations


You had 2 spell levels left.
You knew the following spells:

 Your Spells              Type           Power      Damage    Failure   Level
a - Magic Dart            Conj           24%        1d4       11%         1
b - Slow                  Hex            24%        N/A       11%         1
c - Blink                 Tloc           12%        N/A       17%         2
d - Mephitic Cloud        Conj/Pois/Air  4%         N/A       41%         3

Your spell library contained the following spells:

 Spells                   Type           Power      Damage    Failure   Level
 Call Imp                 Summ           6%         N/A       17%         2
 Conjure Flame            Conj/Fire      4%         6-21      38%         3


Dungeon Overview and Level Annotations

Branches:
Dungeon (2/15)

Altars:


Innate Abilities, Weirdness & Mutations

You cannot wear most types of armour.
You are amphibious.
You can wear up to eight rings at the same time.
Your skin changes colour to match your surroundings (Stealth+).
Your rubbery body absorbs attacks. (AC +1, EV +1)
((You are camouflaged near water. (Stealth+)))
You have tentacles for arms and can constrict up to eight enemies at once.


Message History

The endoplasm is lightly wounded.
The endoplasm freezes you.
You are frozen.
You hit the endoplasm.
The endoplasm is heavily wounded.
The endoplasm closely misses you.
You hit the endoplasm but do no damage. You squeeze the endoplasm.
You kill the endoplasm!
The hobgoblin shouts!
The hobgoblin hits you.
You closely miss the hobgoblin. Your grab misses the hobgoblin.
Your squeeze misses the hobgoblin. The hobgoblin hits you.
You barely miss the hobgoblin. Your grab misses the hobgoblin.
Your squeeze misses the hobgoblin. The hobgoblin hits you.
Casting: Magic Dart (safe; 11% risk of failure)
Confirm with . or Enter, or press ? or * to list all spells.
Aiming: Magic Dart (safe; 11% risk of failure)
Press: ? - help, Shift-Dir - straight line, f - hobgoblin
Aim: a hobgoblin (100% to hit)
The magic dart hits the hobgoblin but does no damage.
The hobgoblin hits you.
* * * LOW HITPOINT WARNING * * *
Unknown command.
Casting: Magic Dart (safe; 11% risk of failure)
Confirm with . or Enter, or press ? or * to list all spells.
Aiming: Magic Dart (safe; 11% risk of failure)
Press: ? - help, Shift-Dir - straight line, f/p - hobgoblin
Aim: a hobgoblin (100% to hit)
You miscast Magic Dart.
You are very lightly contaminated with residual magic.
Nothing appears to happen.
The hobgoblin hits you.
* * * LOW HITPOINT WARNING * * *
You aren't carrying any potions.
Okay, then.
Your magical contamination has completely faded away.
There is a stone staircase leading up here.
A goblin comes into view. It is wielding a +0 club.
You barely miss the hobgoblin. Your grab misses the hobgoblin.
The hobgoblin hits you.
You die...

... #.# #.# #.# ##
#.# . ..#####.# g#
... #.......######.##
... ..#####.........#
.#.########.<..g@...#
...........########.#
.#.##.####.##
#.##.###.#.#####
##.##....###....#
..).....#.#.###.##.
.....##.##.†.......
.....##....####.##.
.....##.##.....#


You could see a hobgoblin and a goblin (asleep).

Vanquished Creatures
  An adder (D:2)
  3 dart slugs (D:1)
  5 endoplasms
  2 giant cockroaches (D:1)
  4 hobgoblins (D:1)
  A quokka (D:1)
  4 ball pythons (D:1)
  6 bats (D:1)
  A frilled lizard (D:1)
27 creatures vanquished.

Vanquished Creatures (others)
  2 fungi (D:2)
  3 plants (D:2)
5 creatures vanquished.

Grand Total: 32 creatures vanquished

Notes
Turn   | Place    | Note
-------+----------+-------------------------------------------
     0 | D:1      | croobank the Octopode Hedge Wizard began the quest for the
                  | Orb.
     0 | D:1      | Reached XP level 1. HP: 11/11 MP: 4/4
     2 | D:1      | Learned a level 1 spell: Slow
   195 | D:1      | Reached XP level 2. HP: 9/17 MP: 4/6
   867 | D:1      | Reached skill level 1 in Hexes
  1475 | D:1      | Reached XP level 3. HP: 21/21 MP: 5/8
  1928 | D:2      | Learned a level 2 spell: Blink
  1932 | D:2      | Learned a level 3 spell: Mephitic Cloud
  1966 | D:2      | Slain by a hobgoblin

Illustrated notes

Levels and vault maps discovered:
D:1:      dpeg_arrival_round_a, layout_basic, st_stairs_5, lemuel_another_geyser
D:2:      layout_loops_ring, shapermc_ecumenical_altar_rom_forum, minmay_between

Skill      XL: |  1  2 |
---------------+-------+-----
Stealth        | 3 |  3.1
Hexes          | 1 |  1.1
Short Blades   | |  0.3
Dodging        | |  2.0
Spellcasting   | |  3.8
Conjurations   | |  1.1
Summonings     | |  1.0
Translocations | |  1.0

Action                   || total
-------------------------++-------
Melee: Dagger            ||    55
       Constrict         ||    13
       Tentacles         ||    11
 Cast: Slow              ||    10
       Magic Dart        ||    35
 Stab: Sleeping          ||     2
Armor: Skin              ||    10
Dodge: Dodged            ||    41

Table legend: (Time is in decaauts)
 A = Elapsed time spent in this place.
 B = Non-inter-level travel time spent in this place.
 C = Inter-level travel time spent in this place.
 D = Time resting spent in this place.
 E = Time spent auto-exploring this place.
 F = Levels seen in this place.
 G = Mean time per level.
                   A        B        C        D        E       F      G
               +--------+--------+--------+--------+--------+-----+--------+
         Total |   1965 |   1921 |     44 |    462 |   1185 |   2 |  982.5 |
       Dungeon |   1965 |   1921 |     44 |    462 |   1185 |   2 |  982.5 |
               +--------+--------+--------+--------+--------+-----+--------+

Top non-repeatable levels by time:
     D:1: 1790 daAuts
     D:2: 174 daAuts
